 Dungeon Crawl Stone Soup version bcrawl-1.13.5 (webtiles) character file.

Game seed: 18408567199046388991

125316 Bodigarde the Peltast (level 16, -1/151 HPs)
             Began as a Hill Orc Fighter on Aug 21, 2019.
             Was the Champion of Beogh.
             Slain by a spark wasp (20 damage)
             ... on level 3 of the Spider Nest.
             The game lasted 01:47:57 (32460 turns).

Bodigarde the Peltast (Hill Orc Fighter)           Turns: 32460, Time: 01:47:58

Health: -1/151     AC: 27    Str: 32    XL:     16   Next: 95%
Magic:  14/25      EV:  7    Int:  8    God:    Beogh [******]
Gold:   597        SH: 33    Dex: 10    Spells: 15/15 levels left

rFire    . . .     SeeInvis +   b - +0 war axe (elec)
rCold    + . .     Gourm    .   h - +6 large shield "Sietyacs" {rC+ MR++}
rNeg     + . .     Faith    .   W - +3 plate armour
rPois    +         Spirit   .   Z - +1 hat
rElec    +         Reflect  +   l - +0 cloak
rCorr    .         Harm     .   P - +1 pair of gloves
MR       +++..                  k - +0 pair of boots
Stlth    ..........             A - +5 amulet of reflection
HPRegen  0.35/turn              R - ring of Springtime {rElec rN+ Str+6 SInv}
MPRegen  0.19/turn              C - ring of poison resistance

@: no status effects
A: walk on water
a: Smiting, Recall Orcish Followers, Give Item to Named Follower, Resurrection,
Renounce Religion


You were on level 3 of the Spider Nest.
You worshipped Beogh.
Beogh was exalted by your worship.
You were not hungry.

You visited 5 branches of the dungeon, and saw 23 of its levels.
You also visited: Sewer.

You collected 2354 gold pieces.
You spent 1757 gold pieces at shops.

Inventory:

Hand Weapons
 a - the +6 rapier of the Reaper {venom, rN+ Dex+4}
   (You found it on level 1 of the Lair of Beasts)

   It poisons the flesh of those it strikes.
   It affects your dexterity (+4).
   It protects you from negative energy.
 b - a +0 war axe of electrocution (weapon)
 c - a +2 morningstar of holy wrath
Missiles
 s - 2 throwing nets {!f}
 u - 50 poisoned tomahawks (quivered)
 w - 706 tomahawks
Armour
 h - the +6 large shield "Sietyacs" (worn) {rC+ MR++}
   (You bought it in a shop in the Orcish Mines)

   It protects you from cold.
   It affects your resistance to hostile enchantments.
 k - a +0 pair of boots (worn)
 l - a +0 cloak (worn)
 P - a +1 pair of gloves (worn)
 W - a +3 plate armour (worn)
 Z - a +1 hat (worn)
Jewellery
 x - an uncursed ring of ice
 y - an uncursed ring of fire
 A - a +5 amulet of reflection (around neck)
 C - a ring of poison resistance (right hand)
 H - an uncursed ring of protection from fire
 J - an uncursed ring of resist corrosion
 R - the ring of Springtime (left hand) {rElec rN+ Str+6 SInv}
   (You bought it in a shop in the Orcish Mines)

   [ring of see invisible]

   It affects your strength (+6).
   It insulates you from electricity.
   It protects you from negative energy.
   It lets you see invisible.
 Y - the ring of Inoxen {rN+ EV+5 Str+6}
   (You found it on level 9 of the Dungeon)

   [ring of evasion]

   It affects your evasion (+5).
   It affects your strength (+6).
   It protects you from negative energy.
Wands
 E - a wand of acid (9)
 I - a wand of enslavement (6)
 K - a wand of iceblast (13)
 O - a wand of paralysis (9)
Scrolls
 e - 12 scrolls of teleportation
 g - 5 scrolls of remove curse
 i - 5 scrolls of enchant armour
 j - a scroll of enchant weapon {unknown}
 n - 5 scrolls of identify
 v - 7 scrolls of amnesia
 B - 3 scrolls of magic mapping
 M - 2 scrolls of fog
 N - a scroll of brand weapon
 Q - a scroll of summoning {unknown}
 T - 2 scrolls of silence
 U - 2 scrolls of blinking
Potions
 d - 5 potions of mutation
 m - 5 potions of curing
 p - 2 potions of flight
 q - 4 potions of berserk rage
 r - 2 potions of agility
 t - 3 potions of cancellation
 z - 5 potions of magic
 D - 7 potions of heal wounds
 G - 2 potions of lignification
 L - 3 potions of might
 S - a potion of resistance
 X - a potion of haste
Miscellaneous
 V - a lamp of fire
Comestibles
 f - 39 rations {!d}
 o - 2 chunks of flesh


   Skills:
 * Level 15.9 Fighting
   Level 15.9 Short Blades
   Level 15.9 Long Blades
   Level 15.9 Axes
   Level 15.9 Maces & Flails
   Level 15.9 Polearms
   Level 15.9 Staves
 + Level 16.0 Armour
 + Level 16.0 Shields
   Level 15.9 Unarmed Combat
 + Level 12.6 Invocations


You had 15 spell levels left.
You didn't know any spells.
Your spell library contained the following spells:

 Spells                   Type           Power        Failure   Level  Hunger
 Corona                   Hex            #......      100%        1    ##.....
 Magic Dart               Conj           #...         100%        1    ##.....
 Sandblast                Erth           #.....       100%        1    ##.....
 Slow                     Hex            #.......     100%        1    ##.....
 Sting                    Conj/Pois      #...         100%        1    ##.....
 Blink                    Tloc           N/A          100%        2    ###....
 Call Imp                 Summ           #.......     100%        2    ###....
 Passwall                 Tmut/Erth      #.......     100%        2    ###....
 Poisonous Vapours        Pois/Air       #.....       100%        2    ###....
 Shackle                  Hex            #.......     100%        2    ###....
 Confuse                  Hex            #.......     100%        3    ####...
 Conjure Flame            Conj/Fire      #.......     100%        3    ####...
 Dazzling Spray           Conj/Hex       #.....       100%        3    ####...
 False Image              Hex/Summ       #.......     100%        3    ####...
 Ignite Poison            Fire/Tmut/Pois #.......     100%        3    ####...
 Inner Flame              Hex/Fire       N/A          100%        3    ####...
 Mephitic Cloud           Conj/Pois/Air  #.......     100%        3    ####...
 Recall                   Summ/Tloc      N/A          100%        3    ####...
 Stone Arrow              Conj/Erth      #.....       100%        3    ####...
 Cause Fear               Hex            #.........   100%        4    #####..
 Olgreb's Toxic Radiance  Pois           #.......     100%        4    #####..
 Petrify                  Tmut/Erth      #.......     100%        4    #####..
 Summon Scorpions         Summ/Pois      #.......     100%        4    #####..
 Yara's Violent Unravell  Hex/Tmut       #.........   100%        4    #####..
 Aura of Abjuration       Summ           #.........   100%        5    ######.
 Iskenderun's Battlesphe  Conj/Chrm      #.......     100%        5    ######.
 Lee's Rapid Deconstruct  Erth           #.........   100%        5    ######.
 Metabolic Englaciation   Hex/Ice        #.........   100%        5    ######.
 Summon Demon             Summ           #.........   100%        5    ######.
 Summon Forest            Summ/Tloc      #.........   100%        5    ######.
 Summon Mana Viper        Hex/Summ       #.......     100%        5    ######.
 Venom Bolt               Conj/Pois      #.........   100%        5    ######.
 Iron Shot                Conj/Erth      #.........   100%        6    #######
 Poison Arrow             Conj/Pois      #.........   100%        6    #######
 Shadow Creatures         Summ           N/A          100%        6    #######
 Mana Rupture             Conj/Hex       #.........   100%        7    #######
 Orb of Destruction       Conj           #.........   100%        7    #######
 Spellforged Servitor     Conj/Summ      #.........   100%        7    #######


Dungeon Overview and Level Annotations

Branches:
Dungeon (12/12)            Temple (1/1) D:6            Lair (6/6) D:8
  Swamp (0/3) Lair:4       Spider (3/3) Lair:4        Slime (0/5) Lair:6
    Orc (1/1) D:10            Elf (0/3) Orc          Vaults (0/3) D:11
 Depths (0/5) D:12

Altars:
Ashenzari
Cheibriados
Dithmenos
Elyvilon
Fedhas
Gozag
Hepliaklqana
Kikubaaqudgha
Lugonu
Makhleb
Nemelex Xobeh
Okawaru
Qazlal
Ru
Sif Muna
Trog
Uskayaw
Vehumet
Wu Jian
Xom
Yredelemnul
Zin
The Shining One

Shops:
D:10 !   D:11 [   Orc =*}:

Annotations:
D:3 2 runed translucent doors, Chiseanne's ghost, amateur SpAc
Lair:4 exclusions: 3 electric eels and 9 more exclusions


Message History

You block the emperor scorpion's attack. x3
The spark wasp stings you but does no damage.
You hit the emperor scorpion.
Lightning courses through the emperor scorpion!
You kill the emperor scorpion!
Beogh accepts your kill.
You slash the spark wasp! The spark wasp stings you!
* * * LOW HITPOINT WARNING * * *
The spark wasp shocks you. You resist.
* * * LOW HITPOINT WARNING * * *
You slash the spark wasp!
The spark wasp is heavily wounded.
You block the spark wasp's attack.
You hit the spark wasp.
The spark wasp is heavily wounded.
You block the spark wasp's attack.
You closely miss the spark wasp.
The spark wasp is heavily wounded.
The spark wasp stings you!!
You die...

##.. .... #.....
.^.###.^.###.^.#..#
##....
...#.....#..%....#
#^... ..
^............^... ##.#.
... ^....s.....^...
#### .#...
#..^....#.%..# #
.#...###.....###...# #
.##...#....^..#††.# #
..#...^^.^.....y@.# .^#
#
.##..[#^..^.^s#...##..#
#
.#...###.....###...#.^#
#
.#....#..^.^..#..%.#..#
###
...............=......#
#..
(.............^.^....##
##.
#..^.^.#.....#......##
#.
#..(^.###^..###..†..#
##
#..#...#.....#...#..#
##########.


You could see a spark wasp and a jumping spider.

Vanquished Creatures
  Agnes (Spider:1)
  Kirke (Spider:2)
  Aizul (Spider:1)
  5 ghost moths (Spider:3)
  4 emperor scorpions
  3 entropy weavers (Spider:3)
  A spark wasp (Spider:2)
  Josephine (D:11)
  Snorg (D:10)
  A fire dragon (Lair:6)
  Harold (Lair:6)
  5 hydras
  A catoblepas (D:11)
  An ogre mage (D:12)
  A queen ant (Spider:3)
  5 dancing weapons (Spider:1)
  5 two-headed ogres
  12 death yaks
  A tengu warrior (D:11)
  Sonja (Lair:6)
  4 skeletal warriors
  A fire crab (Lair:6)
  An unseen horror (D:11)
  2 wizards (D:12)
  A cyclops (D:11)
  Pikel (D:9)
  A necromancer (D:11)
  2 orc knights (Orc)
  An oklob plant (Lair:6)
  16 wolf spiders
  A deep elf mage (D:12)
  3 moths of wrath
  An ugly thing (D:11)
  6 elephants
  9 orb spiders
  A naga mage (D:12)
  9 black mambas
  A gargoyle (D:11)
  3 molten gargoyles (Lair:6)
  2 torpor snails
  6 komodo dragons
  11 demonic crawlers
  8 cane toads
  3 yaktaurs (D:11)
  2 rime drakes
  A kobold demonologist (D:11)
  29 jumping spiders
  A tengu conjurer (D:11)
  A queen bee (Lair:2)
  4 trolls
  7 hornets
  A polar bear (Lair:4)
  8 slime creatures
  9 blink frogs
  A blink frog (shapeshifter) (D:10)
  5 hippogriffs
  6 dream sheep (Lair:4)
  51 redbacks
  19 tarantellas
  6 wyverns (Lair:6)
  4 wraiths (D:11)
  Sigmund (D:4)
  A spriggan (D:10)
  2 shadows
  27 yaks
  2 hogs (Spider:2)
  2 hungry ghosts
  2 vampire mosquitoes (D:11)
  A steam dragon (Lair:6)
  4 basilisks
  8 soldier ants (Spider:3)
  An acid dragon (Lair:5)
  4 porcupines
  5 hell hounds (Lair:6)
  12 water moccasins
  Purgy (Sewer)
  10 orc warriors
  An ice beast (D:5)
  2 slaves (D:9)
  A phantom (D:11)
  2 black bears
  2 sky beasts
  15 wolves
  6 ogres
  5 centaurs
  7 crocodiles
  4 big kobolds
  Blork the orc (D:6)
  9 bullfrogs
  2 scorpions
  15 killer bees (Lair:2)
  2 wights (D:11)
  2 howler monkeys (D:5)
  A bullfrog zombie (D:5)
  3 centaur zombies
  6 lava snakes
  2 crimson imps
  A bullfrog skeleton (D:5)
  5 orc priests (D:8)
  4 hounds
  2 jellies (Lair:6)
  7 centaur skeletons
  5 iguanas
  Terence (D:2)
  26 worker ants
  7 orc wizards
  4 polar bear simulacra (D:11)
  A yak simulacrum (D:11)
  A wolf simulacrum (D:11)
  A hound zombie (D:3)
  A worker ant zombie (D:8)
  A howler monkey skeleton (D:9)
  12 adders
  An adder zombie (D:8)
  A worm (D:3)
  A dart slug (D:3)
  10 leopard geckos
  34 orcs
  2 giant cockroaches
  2 hobgoblins (D:6)
  4 jackals (D:2)
  14 kobolds
  4 quokkas
  3 ball pythons
  14 bats
  2 frilled lizards (D:3)
  5 goblins
  A leopard gecko skeleton (D:4)
  10 rats
  2 river rat simulacra (D:11)
  A bush (D:2)
  4 fungi
  2 plants (D:2)
668 creatures vanquished.

Vanquished Creatures (collateral kills)
  2 tengu warriors (D:11)
  2 dancing weapons (Spider:1)
  An orc knight (Orc)
  An orange crystal statue (D:10)
  A harpy (shapeshifter) (D:11)
  A wolf spider (Spider:1)
  6 orb spiders
  A moth of wrath (Spider:2)
  2 demonic crawlers
  2 jumping spiders (Spider:2)
  6 redbacks
  2 yaks (D:11)
  6 tarantellas (Spider:1)
  A vampire mosquito (D:11)
  4 soldier ants (Spider:3)
  A hornet zombie (D:11)
  An ice beast (D:10)
  A slave (D:9)
  3 orc warriors (Orc)
  An ogre (Orc)
  3 centaurs
  A big kobold (D:11)
  A wight (D:11)
  A lava snake (D:10)
  2 orc priests (Orc)
  2 worker ants (Spider:3)
  3 orc wizards
  A polar bear simulacrum (D:11)
  A wolf simulacrum (D:11)
  4 orcs (Orc)
  A kobold (D:11)
  A river rat simulacrum (D:11)
66 creatures vanquished.

Vanquished Creatures (others)
  An orc sorcerer (Spider:1)
  An orc high priest (D:11)
  5 orc knights
  A jumping spider (Spider:3)
  2 redbacks (Spider:2)
  A human (Spider:2)
  15 orc warriors
  6 orc wizards
  4 orc priests
  19 orcs
  15 fungi
  4 plants (Lair:6)
74 creatures vanquished.

Grand Total: 808 creatures vanquished

Notes
Turn   | Place    | Note
-------+----------+-------------------------------------------
     0 | D:1      | Bodigarde the Hill Orc Fighter began the quest for the Orb.
     0 | D:1      | Reached XP level 1. HP: 20/20 MP: 1/1
   209 | D:1      | Reached XP level 2. HP: 27/27 MP: 2/2
  1012 | D:2      | Reached XP level 3. HP: 32/34 MP: 3/3
  1017 | D:2      | Found a blossoming altar of Fedhas.
  1210 | D:2      | Noticed Terence
  1227 | D:2      | Killed Terence
  1227 | D:2      | Reached XP level 4. HP: 31/41 MP: 4/4
  1896 | D:3      | Noticed a big kobold
  1915 | D:3      | Killed a big kobold
  1915 | D:3      | Reached skill level 5 in Fighting
  1915 | D:3      | Reached XP level 5. HP: 32/48 MP: 5/5
  2341 | D:3      | Found a large runed translucent door.
  2341 | D:3      | Found a large runed translucent door.
  2344 | D:3      | Noticed Chiseanne's ghost (amateur SpAc)
  2359 | D:3      | Found a corrupted altar of Lugonu.
  2459 | D:3      | Found an ornate altar of the Wu Jian Council.
  3008 | D:3      | Found a glowing silver altar of Zin.
  3009 | D:3      | Noticed an angel
  3024 | D:3      | Reached XP level 6. HP: 56/56 MP: 6/6
  3321 | D:4      | Noticed a sky beast
  3332 | D:4      | Killed a sky beast
  3332 | D:4      | Reached skill level 5 in Armour
  3332 | D:4      | Reached skill level 5 in Shields
  3332 | D:4      | Reached XP level 7. HP: 53/62 MP: 7/7
  3492 | D:4      | Found a glowing drain.
  3501 | Sewer    | Entered a sewer
  3538 | Sewer    | Noticed Purgy
  3562 | Sewer    | Killed Purgy
  3902 | D:4      | Noticed Sigmund
  3994 | D:4      | Killed Sigmund
  4133 | D:5      | Entered Level 5 of the Dungeon
  4268 | D:5      | Reached XP level 8. HP: 70/71 MP: 8/8
  4687 | D:5      | Got a tattered robe
  4861 | D:5      | Found a hazy altar of Hepliaklqana.
  4949 | D:5      | Found a shattered altar of Ashenzari.
  5191 | D:6      | Found a staircase to the Ecumenical Temple.
  5197 | Temple   | Entered the Ecumenical Temple
  5392 | D:6      | Found a shadowy altar of Dithmenos.
  5465 | D:6      | Found an iron altar of Okawaru.
  5709 | D:6      | Noticed Blork the orc
  5727 | D:6      | Killed Blork the orc
  6629 | D:7      | Noticed a troll
  6651 | D:7      | HP: 2/74 [troll (8)]
  6652 | D:7      | Killed a troll
  6652 | D:7      | Reached XP level 9. HP: 2/81 MP: 9/9
  7004 | D:7      | Became a worshipper of Beogh the Brigand
  7663 | D:8      | Found a staircase to the Lair.
  7828 | D:8      | Reached * piety under Beogh
  8899 | Lair:1   | Entered Level 1 of the Lair of Beasts
  8933 | Lair:1   | Got a steaming rapier
  8998 | Lair:1   | Noticed a rime drake
  9008 | Lair:1   | Reached XP level 10. HP: 76/91 MP: 10/10
  9558 | Lair:1   | Noticed a cane toad
  9568 | Lair:1   | Killed a cane toad
 10132 | Lair:2   | Reached skill level 10 in Fighting
 10175 | Lair:2   | Reached ** piety under Beogh
 10650 | Lair:2   | Identified the +6 rapier of the Reaper {venom, rN+ Dex+4}
                  | (You found it on level 1 of the Lair of Beasts)
 10817 | Lair:2   | Noticed a cane toad
 10828 | Lair:2   | Killed a cane toad
 11020 | Lair:2   | Reached XP level 11. HP: 101/101 MP: 11/11
 11618 | Lair:2   | Reached skill level 10 in Armour
 11623 | Lair:2   | Reached skill level 10 in Shields
 12967 | Lair:4   | Noticed a seven-headed hydra
 12988 | Lair:3   | Killed a one-headed hydra
 13082 | Lair:4   | Reached *** piety under Beogh
 13390 | Lair:4   | Found a hole to the Spider Nest.
 13566 | Lair:4   | Reached XP level 12. HP: 110/112 MP: 12/12
 13751 | Lair:4   | Found a staircase to the Swamp.
 14062 | Lair:4   | Noticed a four-headed hydra
 14090 | Lair:4   | Killed a one-headed hydra
 14306 | Lair:4   | Noticed an eight-headed hydra
 14321 | Lair:4   | Killed a one-headed hydra
 16302 | Lair:5   | Got an encrusted leather armour
 16929 | Lair:6   | Entered Level 6 of the Lair of Beasts
 16938 | Lair:6   | Noticed a death yak
 16939 | Lair:6   | Noticed a death yak
 16940 | Lair:6   | Noticed a death yak
 16940 | Lair:6   | Noticed a death yak
 16943 | Lair:6   | Noticed a death yak
 16943 | Lair:6   | Noticed a death yak
 17206 | Lair:6   | Noticed a death yak
 17206 | Lair:6   | Noticed a death yak
 17222 | Lair:6   | Noticed a death yak
 17225 | Lair:6   | Noticed a death yak
 17226 | Lair:6   | Noticed a death yak
 17229 | Lair:6   | Noticed a death yak
 17244 | Lair:6   | Killed a death yak
 17253 | Lair:6   | Killed a death yak
 17255 | Lair:6   | Killed a death yak
 17255 | Lair:6   | Reached **** piety under Beogh
 17270 | Lair:6   | Killed a death yak
 17270 | Lair:6   | Reached XP level 13. HP: 64/122 MP: 13/13
 17998 | Lair:6   | Got a fine steel amulet
 18012 | Lair:6   | Found a staircase to the Slime Pits.
 18154 | Lair:6   | Found a shattered altar of Ashenzari.
 18313 | Lair:6   | Identified the amulet of Koompint {Faith +Blink rN+ Dex-2}
                  | (You found it on level 6 of the Lair of Beasts)
 18469 | Lair:6   | Noticed Harold
 18529 | Lair:6   | Killed Harold
 18544 | Lair:6   | Noticed Sonja
 19569 | Lair:6   | Reached skill level 1 in Invocations
 20216 | Lair:6   | Killed Sonja
 20216 | Lair:6   | Reached ***** piety under Beogh
 20220 | Lair:6   | Noticed a fire dragon
 20355 | Lair:6   | Reached XP level 14. HP: 92/132 MP: 16/16
 20802 | Lair:6   | Found a large runed door.
 20802 | Lair:6   | Found a large runed door.
 21548 | D:9      | Found a white marble altar of Elyvilon.
 21679 | D:9      | Got a scorched ivory ring
 21681 | D:9      | Identified the ring of Inoxen {rN+ EV+5 Str+6} (You found
                  | it on level 9 of the Dungeon)
 22170 | D:9      | Noticed Pikel
 22181 | D:9      | Killed Pikel
 22630 | D:10     | Entered Level 10 of the Dungeon
 22632 | D:10     | Found Feanky's Distillery.
 22636 | D:10     | Bought a potion of heal wounds for 55 gold pieces
 22636 | D:10     | Bought a potion of heal wounds for 55 gold pieces
 22691 | D:10     | Reached skill level 5 in Invocations
 22859 | D:10     | Noticed Snorg
 22881 | D:10     | Killed Snorg
 23223 | D:10     | Gained Milork as an ally
 23284 | D:10     | Found a staircase to the Orcish Mines.
 23848 | D:11     | Your ally Milork died
 23849 | D:11     | Gained Nordag as an ally
 23856 | D:11     | Your ally Nordag died
 24059 | D:11     | Found Ocrakhok's Antique Armour Shop.
 24064 | D:11     | Noticed Josephine
 24082 | D:11     | Killed Josephine
 24265 | D:11     | Reached ****** piety under Beogh
 24897 | D:11     | Gained Marbaugh as an ally
 24936 | D:11     | Found a gate to the Vaults.
 25064 | Orc      | Entered the Orcish Mines
 25145 | Orc      | Found a staircase to the Elven Halls.
 25196 | Orc      | Found Eriennoh's General Store.
 25196 | Orc      | Found Tuorrount's Gadget Emporium.
 25198 | Orc      | Found Vakal's Book Shoppe.
 25209 | Orc      | Found Teliuwal's Jewellery Shop.
 25216 | Orc      | Gained Argrim as an ally
 25280 | Orc      | Bought 2 scrolls of identify for 64 gold pieces
 25280 | Orc      | Bought a scroll of identify for 32 gold pieces
 25280 | Orc      | Bought the +6 large shield "Sietyacs" {rC+ MR++} for 910
                  | gold pieces
 25456 | Orc      | Reached XP level 15. HP: 139/139 MP: 21/21
 26100 | D:12     | Entered Level 12 of the Dungeon
 26489 | Orc      | Bought the ring of Springtime {rElec rN+ Str+6 SInv} for
                  | 641 gold pieces
 26741 | D:12     | Found a staircase to the Depths.
 26988 | Spider:1 | Entered Level 1 of the Spider Nest
 27108 | Spider:1 | Noticed Agnes
 27127 | Spider:1 | Killed Agnes
 27174 | Spider:1 | Noticed an emperor scorpion
 27185 | Spider:1 | Killed an emperor scorpion
 27231 | Spider:1 | Gained Zartorak as an ally
 27290 | Spider:1 | Reached skill level 15 in Fighting
 27298 | Spider:1 | Noticed Aizul
 27318 | Spider:1 | Killed Aizul
 27351 | Spider:1 | Your ally Zartorak died
 28011 | Spider:1 | Gained Oruk as an ally
 28020 | Spider:1 | Reached skill level 10 in Invocations
 28103 | Spider:1 | Found a runed door.
 28604 | Spider:1 | Reached skill level 15 in Armour
 28608 | Spider:1 | Reached skill level 15 in Shields
 29224 | Spider:2 | Your ally Oruk died
 29259 | Spider:2 | Reached XP level 16. HP: 24/149 MP: 24/24
 29272 | Spider:2 | Gained Marbaugh as an ally
 29695 | Spider:2 | Noticed Kirke
 29710 | Spider:2 | Killed Kirke
 30304 | Spider:3 | Entered Level 3 of the Spider Nest
 31251 | Spider:3 | Your ally Marbaugh died
 32460 | Spider:3 | Slain by a spark wasp

Skill      XL: |  1  2  3  4  5  6  7  8  9 10 11 12 13 14 15 16 |
---------------+-------------------------------------------------+-----
Fighting       | 5 6 8 9 10 11 13 14 15 | 15.9
Armour         | 4 5 7 8 9 10 12 13 14 15 16 | 16.0
Shields        | 4 5 7 8 9 10 12 13 14 15 16 | 16.0
Invocations    | 3 8 10 12 | 12.6
Short Blades   | | 15.9
Long Blades    | | 15.9
Axes           | | 15.9
Maces & Flails | | 15.9
Polearms       | | 15.9
Staves         | | 15.9
Unarmed Combat | | 15.9

Action                   |  1- 3 |  4- 6 |  7- 9 | 10-12 | 13-15 | 16-18 || total
-------------------------+-------+-------+-------+-------+-------+-------++-------
Melee: War axe           |    93 |   228 |   238 |       |   285 |   295 ||  1139
       Mace              |    15 |       |       |       |       |       ||    15
       Morningstar       |       |       |   213 |    97 |    23 |    25 ||   358
       Hand axe          |       |       |    15 |   201 |   107 |       ||   323
       Rapier            |       |       |       |   399 |   916 |   176 ||  1491
Throw: Tomahawk          |       |       |       |     2 |       |    12 ||    14
Invok: Convert to Beogh  |       |       |     1 |       |       |       ||     1
       Smiting           |       |       |       |       |     3 |     3 ||     6
Evoke: Wand              |       |       |       |       |     3 |       ||     3
  Use: Scroll            |       |     8 |     6 |    10 |     9 |     1 ||    34
       Potion            |       |     1 |       |       |     3 |       ||     4
 Stab: Distracted        |       |       |       |       |     6 |     3 ||     9
       Petrified         |       |       |       |       |     1 |       ||     1
       Paralysed         |       |       |       |       |     3 |       ||     3
  Eat: Chunk             |     1 |     7 |    12 |    18 |    28 |     4 ||    70
       Ration            |       |       |     3 |     3 |     3 |     2 ||    11
Armor: Scale mail        |    58 |       |       |       |       |       ||    58
       Chain mail        |     7 |    88 |   172 |       |       |       ||   267
       Plate armour      |       |       |    38 |   219 |   343 |   218 ||   818
       Skin              |       |       |       |       |       |     1 ||     1
Dodge: Dodged            |    36 |    20 |    36 |    54 |   192 |    86 ||   424
Block: Shield            |    56 |    33 |       |       |       |       ||    89
       Large shield      |       |    86 |   456 |   617 |  1199 |   755 ||  3113
       Reflection        |       |       |    23 |     1 |     7 |       ||    31
